 Dungeon Crawl Stone Soup version 0.28.0 (webtiles) character file.

Game seed: 196456211353333539

42 Minsecho the Skirmisher (level 3, 0/41 HPs)
             Began as an Ogre Berserker on Feb 16, 2022.
             Was a Follower of Trog.
             Slain by a gnoll (5 damage)
             ... on level 2 of the Dungeon.
             The game lasted 00:01:14 (1340 turns).

Minsecho the Skirmisher (Ogre Berserker)            Turns: 1340, Time: 00:01:14

Health: 0/41       AC:  3    Str: 21    XL:     3   Next: 54%
Magic:  3/3        EV: 10    Int:  8    God:    Trog [*.....]
Gold:   82         SH:  0    Dex: 10    Spells: 2/2 levels left

rFire   . . .      SeeInvis .   a - +0 mace
rCold   . . .      Faith    .   (no shield)
rNeg    . . .      Spirit   .   b - +0 animal skin
rPois   .          Reflect  .   (helmet restricted)
rElec   .          Harm     .   (no cloak)
rCorr   .          Rampage  .   (gloves unavailable)
Will    .....                   (boots unavailable)
Stlth   +.........              (no amulet)
HPRegen 0.13/turn               (no ring)
MPRegen 0.08/turn               (no ring)

@: no status effects
A: large, unfitting armour, tough skin 1
a: Renounce Religion, Berserk


You were on level 2 of the Dungeon.
You worshipped Trog.
Trog was aware of your devotion.
You visited 1 branch of the dungeon, and saw 2 of its levels.

You collected 82 gold pieces.

Inventory:

Hand Weapons
 a - a +0 mace (weapon)
Armour
 b - a +0 animal skin (worn)
Scrolls
 d - a scroll of summoning {unknown}
 e - a scroll of brand weapon {unknown}
 h - a scroll of fear {unknown}
 i - a scroll of identify
Potions
 c - a potion of attraction


   Skills:
 + Level 4.8 Fighting
 + Level 3.1 Maces & Flails
 + Level 3.1 Dodging
 + Level 0.3 Stealth


You had 2 spell levels left.
You didn't know any spells.
Your spell library was empty.

Dungeon Overview and Level Annotations

Branches:
Dungeon (2/15)

Altars:


Innate Abilities, Weirdness & Mutations

You are too large for most types of armour.
You have tough skin. (AC +1)


Message History

No target in view!
i - 2 scrolls labelled OLOLYROPPO (gained 1)
Found a stone staircase leading down.
You open the door.
There is an open door here.
A gnoll comes into view. It is wielding a +0 whip.
A gnoll is nearby!
A gnoll comes into view. It is wielding a +0 club.
The gnoll shouts!
A gnoll and a kobold come into view.
The kobold shouts!
The gnoll shouts!
A rat comes into view.
The gnoll hits you with a +0 whip!
You barely miss the gnoll. You barely miss the gnoll.
The gnoll hits you from afar with a +0 halberd.
You sock the gnoll!
The gnoll is heavily wounded.
The gnoll hits you with a +0 whip. The gnoll hits you with a +0 club.
The gnoll hits you from afar with a +0 halberd.
The kobold throws a stone.
The stone hits you but does no damage.
You sock the gnoll!
The gnoll is severely wounded.
The gnoll hits you with a +0 club!
* * * LOW HITPOINT WARNING * * *
As you read the scroll labelled OLOLYROPPO, it crumbles to dust.
It is a scroll of identify.
c - a potion of attraction The gnoll closely misses you.
The gnoll hits you with a +0 club!
* * * LOW HITPOINT WARNING * * *
As you read the scroll labelled OCOUDGH SOEDATOEWN, it crumbles to dust.
You hear a loud clanging noise!
It was a scroll of noise.
The rat bites you.
* * * LOW HITPOINT WARNING * * *
The gnoll barely misses you.
As you read the scroll labelled LOAFUH AJABUGG, it crumbles to dust.
The creatures around you are filled with an inner flame!
It was a scroll of immolation.
The rat bites you but does no damage. The gnoll hits you with a +0 club.
You die...

# ####### #.
#.g..g# #..
#.###.# #... #.#
#K# ....>#######g#
#g#
............g###g#
##.....K.rr...#@#
..'............r.#
###########....###
#####.......#
###...........#
##........######
#....).####
#...#### ...##


You could see 3 gnolls, a kobold (inner flame) and a rat (inner flame).

Vanquished Creatures
  An adder (D:2)
  2 dart slugs (D:1)
  2 bats (D:1)
  3 endoplasms (D:1)
  A giant cockroach (D:1)
  4 goblins
  3 hobgoblins
  A quokka (D:2)
  4 ball pythons (D:1)
  2 frilled lizards (D:1)
  A kobold (D:1)
  5 rats (D:1)
29 creatures vanquished.

Notes
Turn   | Place    | Note
-------+----------+-------------------------------------------
     0 | D:1      | Minsecho the Ogre Berserker began the quest for the Orb.
     0 | D:1      | Reached XP level 1. HP: 24/24 MP: 1/1
   274 | D:1      | Reached XP level 2. HP: 24/32 MP: 2/2
   772 | D:1      | Found a faded altar of an unknown god.
   782 | D:1      | Reached XP level 3. HP: 36/40 MP: 3/3
  1340 | D:2      | Slain by a gnoll

Illustrated notes

Levels and vault maps discovered:
D:1:      erik_arrival_blinker_ship, layout_rooms,
          nicolae_ecumenical_lake_church, minmay_heptomino_l4
D:2:      layout_basic, serial_curves, eino_curves_04, eino_curves_04,
          eino_curves_04, eino_curves_03, kennysheep_generic_room_11

Skill      XL: |  1  2  3 |
---------------+----------+-----
Dodging        | 3 |  3.1
Maces & Flails | 3 |  3.1
Fighting       | |  4.8
Stealth        | |  0.3

Action                   || total
-------------------------++-------
Melee: Mace              ||    91
       Punch             ||     1
  Use: Scroll            ||     3
Armor: Animal skin       ||    26
Dodge: Dodged            ||    53
